AoeStats
← tom

Arabia

510587065Analyzed
1v1 RM · 17h ago on Oct 1, 2026· 38m 43s· 2 players
Game mode
Random Map
Map size
Tiny (2 player)
Population
200
Speed
Normal
Resources
Standard
Victory
Conquest
Starting age
Dark Age
Ending age
Imperial Age
RankedLock teamsTeams togetherTeam positionsShared explorationLock speedFull tech treeHidden civsTurbo modeCheats
Victory
Defeat
🇻🇪 Teutons · Venezuela
805
+14
🇱🇻 Japanese · Latvia
769
-14
tom
7:33 Loom
10:36 Feudal Age
10:39 Man-at-Arms
13:30 Arson
16:34 Fletching
21:58 Castle Age
23:19 Double-Bit Axe
32:21 Thumb Ring
33:37 Pikeman
34:18 Squires
34:31 Scale Mail Armor
35:03 Bodkin Arrow
35:19 Forging
ANTONIO JOSE DE SUCRE
7:21 Loom
9:47 Feudal Age
14:52 Horse Collar
16:58 Double-Bit Axe
18:19 Wheelbarrow
20:59 Castle Age
21:16 Forging
22:53 Scale Barding Armor
23:40 Heavy Plow
24:06 Bloodlines
25:59 Iron Casting
27:00 Chain Barding Armor
27:04 Fletching
28:52 Gold Mining
30:13 Hand Cart
31:40 Stone Mining
33:09 Town Watch
37:58 Imperial Age
37:25 Town Patrol
38:36 Scale Mail Armor
Connection lost

Rejoining the realm…

Still unreachable

The connection could not be restored.

Session expired

The server has moved on; the page needs a fresh start.